 Dungeon Crawl Stone Soup version 0.24.0-123-gd5b16e6ec5 (webtiles) character file.

Game seed: 5972759660479777067, levelgen mode: deterministic

2 Descartes the Sneak (level 1, 0/9 HPs)
             Began as a Spriggan Wanderer on Jan 19, 2020.
             Slain by a leopard gecko (3 damage)
             ... on level 1 of the Dungeon.
             The game lasted 00:01:26 (154 turns).

Descartes the Sneak (Spriggan Wanderer)              Turns: 154, Time: 00:01:27

Health: 0/9        AC:  2    Str: 10    XL:     1   Next: 33%
Magic:  4/5        EV: 15    Int: 14    God:
Gold:   9          SH:  0    Dex: 12    Spells: 4/5 levels left

rFire    . . .     SeeInvis +   a - +0 dagger
rCold    . . .     Gourm    .   (shield restricted)
rNeg     . . .     Faith    .   d - +0 robe
rPois    +         Spirit   .   (helmet restricted)
rElec    .         Reflect  .   (no cloak)
rCorr    .         Harm     .   (gloves unavailable)
MR       .....                  (boots unavailable)
Stlth    ++........             (no amulet)
HPRegen  0.03/turn              b - ring of poison resistance
MPRegen  0.09/turn              (no ring)

@: confusing touch, very quick
A: very small, unfitting armour, see invisible, herbivore, speed 3, slow
metabolism 2
a: no special abilities


You were on level 1 of the Dungeon.
You were not hungry.

You visited 1 branch of the dungeon, and saw 1 of its levels.

You collected 9 gold pieces.

Inventory:

Hand Weapons
 a - a +0 dagger (weapon)
Missiles
 e - 25 stones (quivered)
Armour
 d - a +0 robe (worn)
Jewellery
 b - a ring of poison resistance (left hand)
Potions
 c - a potion of brilliance {unknown}
 g - a potion of berserk rage {unknown}
Comestibles
 f - a ration


   Skills:
 + Level 0.0 Fighting
 + Level 0.1 Short Blades
 + Level 0.2 Dodging
 + Level 3.1 Stealth
 * Level 2.8 Spellcasting
 - Level 2.4 Hexes
   Level 3.0 Translocations
   Level 1.0 Ice Magic
   Level 1.0 Air Magic


You had 4 spell levels left.
You knew the following spells:

 Your Spells              Type           Power        Failure   Level  Hunger
a - Confusing Touch       Hex            #.....       9%          1    #......

Your spell library contained the following spells:

 Spells                   Type           Power        Failure   Level  Hunger
 Corona                   Hex            #......      9%          1    #......
 Blink                    Tloc           N/A          10%         2    ###....
 Ensorcelled Hibernation  Hex/Ice        #.....       17%         2    ###....
 Shroud of Golubria       Chrm/Tloc      #.....       19%         2    ###....
 Confuse                  Hex            #.......     24%         3    ###....
 Tukima's Dance           Hex            #.......     24%         3    ###....
 Dazzling Spray           Conj/Hex       #.....       38%         3    ###....


Dungeon Overview and Level Annotations

Branches:
Dungeon (1/15)

Altars:


Innate Abilities, Weirdness & Mutations

You are very small and have problems with some larger weapons.
You are too small for most types of armour.
You have supernaturally acute eyesight. (SInv)
You are a herbivore.
You cover ground extremely quickly.
You need to consume almost no food.


Message History

Casting: Confusing Touch (safe; 9% risk of failure)
Confirm with . or Enter, or press ? or * to list all spells.
You don't know that spell.
Casting: Confusing Touch (safe; 9% risk of failure)
Confirm with . or Enter, or press ? or * to list all spells.
You don't know that spell.
Casting: Confusing Touch (safe; 9% risk of failure)
Confirm with . or Enter, or press ? or * to list all spells.
You don't know that spell.
Casting: Confusing Touch (safe; 9% risk of failure)
Confirm with . or Enter, or press ? or * to list all spells.
You don't know that spell.
You hit the leopard gecko but do no damage.
The leopard gecko bites you but does no damage.
You closely miss the leopard gecko. The leopard gecko bites you.
You barely miss the leopard gecko. The leopard gecko barely misses you.
You miss the leopard gecko. The leopard gecko closely misses you.
You barely miss the leopard gecko. The leopard gecko barely misses you.
The leopard gecko bites you.
You die...

#########
#..$....#####
#...........#####
.#####.......###......
......................
######@#.............
#l######..>..... ..#
#..........
#..#....#....#...
#....####........ #...
#........#.#
#......##....## .
#########....#
#...####


You could see a leopard gecko.

Vanquished Creatures
  A giant cockroach (D:1)
  A ball python (D:1)
  A kobold (D:1)
3 creatures vanquished.

Notes
Turn   | Place    | Note
-------+----------+-------------------------------------------
     0 | D:1      | Descartes the Spriggan Wanderer began the quest for the
                  | Orb.
     0 | D:1      | Descartes set off with the following items: a +0 dagger, a
                  | +0 robe, a ration; and the following spells available to
                  | memorise: Confusing Touch, Corona, Blink, Ensorcelled
                  | Hibernation, Shroud of Golubria, Confuse, Tukima's Dance,
                  | Dazzling Spray
     0 | D:1      | Reached XP level 1. HP: 9/9 MP: 5/5
     2 | D:1      | Learned a level 1 spell: Confusing Touch
   154 | D:1      | Slain by a leopard gecko

Levels and vault maps discovered:
D:1:      scummos_arrival_simple_fountains, layout_rooms,
          kennysheep_small_spiral

Action                   || total
-------------------------++-------
Melee: Dagger            ||    21
 Cast: Confusing Touch   ||     2
 Stab: Confused          ||     1
       Sleeping          ||     1
Armor: Robe              ||     2
Dodge: Dodged            ||    19
